TOP OF THE 1ST |
London Majors batting - Pitching for Winnipeg Goldeyes : RHP Larry Muttart
|
Pitching: RHP Larry Muttart
|
|
Batting: RHB Luis Gomez
|
0-0: Ball 1-0: Ground out 6-3 (Groundball, 6S, EV 70.0 MPH)
|
Batting: RHB Brock Van Gilder
|
0-0: Ball 1-0: Ball 2-0: Ball 3-0: Called Strike 3-1: Called Strike 3-2: Foul Ball, location: 2F 3-2: Foul Ball, location: 2F 3-2: Foul Ball, location: 2F 3-2: Base on Balls
|
Batting: RHB Frank Caulfield
|
0-0: Fly out, F8 (Flyball, 78D, EV 95.0 MPH)
|
Batting: LHB Kurt Estep
|
0-0: Ground out 2-3 (Groundball, 2R, EV 65.0 MPH)
|
Top of the 1st over - 0 runs, 0 hits, 0 errors, 1 left on base; London 0 - Winnipeg 0 |
BOTTOM OF THE 1ST |
Winnipeg Goldeyes batting - Pitching for London Majors : RHP Philip Sonnichsen
|
Pitching: RHP Philip Sonnichsen
|
|
Batting: RHB John Dew
|
0-0: Ball 1-0: Ball 2-0: Called Strike 2-1: Ball 3-1: Ground out 1-3 (Groundball, 13S, EV 65.6 MPH)
|
Batting: RHB David McClellan
|
0-0: Called Strike 0-1: Swinging Strike 0-2: Foul Ball, location: 2F 0-2: Ball 1-2: Strikes out swinging
|
Batting: SHB Ian Thompson
|
0-0: Ball 1-0: Foul Ball, location: 2F 1-1: Ball 2-1: Ball 3-1: Foul Ball, location: 2F 3-2: Hit by Pitch
|
Batting: LHB Marvin Shepherd
|
0-0: Swinging Strike 0-1: Ball 1-1: Ball 2-1: Foul Ball, location: 2F 2-2: Foul Ball, location: 2F 2-2: Foul Ball, location: 2F 2-2: Foul Ball, location: 2F 2-2: Foul Ball, location: 2F 2-2: Foul Ball, location: 2F 2-2: Ball 3-2: Fly out, F4 (Flyball, 34D, EV 72.5 MPH)
|
Bottom of the 1st over - 0 runs, 0 hits, 0 errors, 1 left on base; London 0 - Winnipeg 0 |
TOP OF THE 2ND |
London Majors batting - Pitching for Winnipeg Goldeyes : RHP Larry Muttart
|
Batting: RHB Bill Murray
|
0-0: Ball 1-0: Fly out, F9 (Flyball, 9LS, EV 75.6 MPH)
|
Batting: RHB Bobby Lasaguna
|
0-0: Ball 1-0: Fly out, F9 (Flyball, 9D, EV 96.3 MPH)
|
Batting: LHB Eric Toney
|
0-0: Ball 1-0: Fly out, F6 (Line Drive, 6, EV 75.0 MPH)
|
Top of the 2nd over - 0 runs, 0 hits, 0 errors, 0 left on base; London 0 - Winnipeg 0 |
BOTTOM OF THE 2ND |
Winnipeg Goldeyes batting - Pitching for London Majors : RHP Philip Sonnichsen
|
Batting: LHB Kuemon Shishido
|
0-0: Ball 1-0: SINGLE (Line Drive, 8RS, EV 103.1 MPH)
|
Batting: LHB Brian Wagner
|
0-0: Fly out, F5 (Popup, 25F, EV 86.3 MPH)
|
Batting: RHB Jeremy Witt
|
0-0: Foul Ball, location: 2F 0-1: Ball 1-1: Foul Ball, location: 2F 1-2: Strikes out looking
|
Batting: RHB Antonio Santos
|
0-0: Ball 1-0: Foul Ball, location: 2F 1-1: Foul Ball, location: 2F 1-2: Ball 2-2: Foul Ball, location: 2F 2-2: Foul Ball, location: 2F 2-2: Foul Ball, location: 2F 2-2: Fly out, F8 (Flyball, 8LS, EV 86.3 MPH)
|
Bottom of the 2nd over - 0 runs, 1 hit, 0 errors, 1 left on base; London 0 - Winnipeg 0 |
TOP OF THE 3RD |
London Majors batting - Pitching for Winnipeg Goldeyes : RHP Larry Muttart
|
Batting: RHB Terry Plumley
|
0-0: Ball 1-0: Swinging Strike 1-1: Foul Ball, location: 2F 1-2: Strikes out swinging
|
Batting: RHB Bobby Roldan
|
0-0: Swinging Strike 0-1: Ball 1-1: DOUBLE (Groundball, 3L, EV 98.8 MPH)
|
Batting: RHB Luis Gomez
|
0-0: Ball 1-0: Called Strike Bobby Roldan steals 3rd base 1-1: Ball 2-1: Called Strike 2-2: Ball 3-2: 2-RUN HOME RUN (Flyball, 78XD, EV 115.0 MPH), Distance : 432 ft
|
Batting: RHB Brock Van Gilder
|
0-0: Ball 1-0: Called Strike 1-1: Called Strike 1-2: Strikes out swinging
|
Batting: RHB Frank Caulfield
|
0-0: Called Strike 0-1: Swinging Strike 0-2: Strikes out swinging
|
Top of the 3rd over - 2 runs, 2 hits, 0 errors, 0 left on base; London 2 - Winnipeg 0 |
BOTTOM OF THE 3RD |
Winnipeg Goldeyes batting - Pitching for London Majors : RHP Philip Sonnichsen
|
Batting: RHB Ton van Dijk
|
0-0: Called Strike 0-1: Foul Ball, location: 2F 0-2: Ball 1-2: Ball 2-2: Ground out U3 (Groundball, 13, EV 84.4 MPH)
|
Batting: RHB John Dew
|
0-0: Called Strike 0-1: Ball 1-1: Called Strike 1-2: Foul Ball, location: 2F 1-2: SINGLE (Flyball, 5D, EV 91.9 MPH)
|
Batting: RHB David McClellan
|
0-0: Ball 1-0: Ball John Dew is caught stealing 2nd base 2-4 2-0: Ball 3-0: Called Strike 3-1: Called Strike 3-2: Foul Ball, location: 2F 3-2: Ground out 6-3 (Groundball, 6S, EV 85.0 MPH)
|
Bottom of the 3rd over - 0 runs, 1 hit, 0 errors, 0 left on base; London 2 - Winnipeg 0 |
TOP OF THE 4TH |
London Majors batting - Pitching for Winnipeg Goldeyes : RHP Larry Muttart
|
Batting: LHB Kurt Estep
|
0-0: Ball 1-0: Fly out, F7 (Flyball, 7, EV 89.4 MPH)
|
Batting: RHB Bill Murray
|
0-0: Called Strike 0-1: SINGLE (Flyball, 8LS, EV 85.6 MPH)
|
Batting: RHB Bobby Lasaguna
|
0-0: Ball 1-0: Foul Ball, location: 2F 1-1: Swinging Strike 1-2: Strikes out swinging
|
Batting: LHB Eric Toney
|
0-0: Called Strike Bill Murray steals 2nd base 0-1: Foul Ball, location: 2F 0-2: Ball 1-2: Fly out, F9 (Flyball, 89M, EV 81.3 MPH)
|
Top of the 4th over - 0 runs, 1 hit, 0 errors, 1 left on base; London 2 - Winnipeg 0 |
BOTTOM OF THE 4TH |
Winnipeg Goldeyes batting - Pitching for London Majors : RHP Philip Sonnichsen
|
Batting: SHB Ian Thompson
|
0-0: Swinging Strike 0-1: Ball 1-1: Foul Ball, location: 2F 1-2: Strikes out swinging
|
Batting: LHB Marvin Shepherd
|
0-0: Called Strike 0-1: Ball 1-1: Ball 2-1: Called Strike 2-2: Strikes out swinging
|
Batting: LHB Kuemon Shishido
|
0-0: Foul Ball, location: 2F 0-1: Ball 1-1: Called Strike 1-2: Foul Ball, location: 2F 1-2: Foul Ball, location: 2F 1-2: Strikes out swinging
|
Bottom of the 4th over - 0 runs, 0 hits, 0 errors, 0 left on base; London 2 - Winnipeg 0 |
TOP OF THE 5TH |
London Majors batting - Pitching for Winnipeg Goldeyes : RHP Larry Muttart
|
Batting: RHB Terry Plumley
|
0-0: Ball 1-0: Ground out 5-3 (Groundball, 56S, EV 70.6 MPH)
|
Batting: RHB Bobby Roldan
|
0-0: Called Strike 0-1: Ball 1-1: Ground out 6-3 (Groundball, 6, EV 76.3 MPH)
|
Batting: RHB Luis Gomez
|
0-0: Called Strike 0-1: Foul Ball, location: 2F 0-2: Foul Ball, location: 2F 0-2: SINGLE (Groundball, 34D, EV 105.6 MPH)
|
Batting: RHB Brock Van Gilder
|
0-0: Called Strike Luis Gomez steals 2nd base 0-1: Ball Luis Gomez steals 3rd, throwing error, E2 Luis Gomez scores 1-1: Swinging Strike 1-2: Ball 2-2: DOUBLE (Flyball, 8RXD, EV 94.4 MPH)
|
Batting: RHB Frank Caulfield
|
0-0: Called Strike 0-1: Swinging Strike 0-2: Fly out, F7 (Flyball, 7LM, EV 83.1 MPH)
|
Top of the 5th over - 1 run, 2 hits, 1 error, 1 left on base; London 3 - Winnipeg 0 |
BOTTOM OF THE 5TH |
Winnipeg Goldeyes batting - Pitching for London Majors : RHP Philip Sonnichsen
|
Batting: LHB Brian Wagner
|
0-0: Called Strike 0-1: Foul Ball, location: 2F 0-2: Ball 1-2: Ball 2-2: Ball 3-2: Foul Ball, location: 2F 3-2: Foul Ball, location: 2F 3-2: Strikes out swinging
|
Batting: RHB Jeremy Witt
|
0-0: Swinging Strike 0-1: Ball 1-1: SOLO HOME RUN (Flyball, 7D, EV 104.4 MPH), Distance : 399 ft
|
Batting: RHB Antonio Santos
|
0-0: Ball 1-0: Called Strike 1-1: Ground out 6-3 (Groundball, 56D, EV 103.8 MPH)
|
Batting: RHB Ton van Dijk
|
0-0: Called Strike 0-1: Fly out, F7 (Flyball, 78M, EV 93.1 MPH)
|
Bottom of the 5th over - 1 run, 1 hit, 0 errors, 0 left on base; London 3 - Winnipeg 1 |
TOP OF THE 6TH |
London Majors batting - Pitching for Winnipeg Goldeyes : RHP Larry Muttart
|
Batting: LHB Kurt Estep
|
0-0: Foul Ball, location: 2F 0-1: Ball 1-1: Ball 2-1: Foul Ball, location: 2F 2-2: Fly out, F6 (Popup, 6M, EV 60.6 MPH)
|
Batting: RHB Bill Murray
|
0-0: Fly out, F8 (Flyball, 89XD, EV 101.3 MPH)
|
Batting: RHB Bobby Lasaguna
|
0-0: Foul Ball, location: 2F 0-1: Ball 1-1: Ball 2-1: Ball 3-1: Base on Balls
|
Batting: LHB Eric Toney
|
0-0: Called Strike Bobby Lasaguna steals 2nd base 0-1: Ball 1-1: Called Strike 1-2: Strikes out swinging
|
Top of the 6th over - 0 runs, 0 hits, 0 errors, 1 left on base; London 3 - Winnipeg 1 |
BOTTOM OF THE 6TH |
Winnipeg Goldeyes batting - Pitching for London Majors : RHP Philip Sonnichsen
|
Batting: RHB John Dew
|
0-0: Swinging Strike 0-1: Foul Ball, location: 2F 0-2: Foul Ball, location: 2F 0-2: Ball 1-2: Foul Ball, location: 2F 1-2: Ball 2-2: Ball 3-2: Hit by Pitch
|
Pinch Runner at 1st Willie Jimenez:
|
|
Batting: RHB David McClellan
|
0-0: Ball 1-0: Called Strike 1-1: Ball 2-1: Called Strike 2-2: Fielders Choice at 2nd, 5-4 (Groundball, 5, EV 83.1 MPH)
|
Batting: SHB Ian Thompson
|
0-0: Called Strike 0-1: Swinging Strike 0-2: Strikes out swinging
|
Batting: LHB Marvin Shepherd
|
0-0: TRIPLE (Line Drive, 89XD, EV 105.6 MPH) David McClellan scores
|
Batting: LHB Kuemon Shishido
|
0-0: Ball 1-0: Called Strike 1-1: Ball 2-1: Foul Ball, location: 2F 2-2: Ball 3-2: Ground out 4-3 (Groundball, 34, EV 103.1 MPH)
|
Bottom of the 6th over - 1 run, 1 hit, 0 errors, 1 left on base; London 3 - Winnipeg 2 |
TOP OF THE 7TH |
London Majors batting - Pitching for Winnipeg Goldeyes : RHP Larry Muttart
|
Now at 2B: Kenny Reynolds
|
|
Batting: RHB Terry Plumley
|
0-0: Ball 1-0: Fly out, F9 (Flyball, 9S, EV 83.8 MPH)
|
Pinch Hitting: RHB Norm Mercer
|
0-0: Called Strike 0-1: Ball 1-1: Ball 2-1: Ball 3-1: Foul Ball, location: 2F 3-2: Base on Balls
|
Batting: RHB Luis Gomez
|
0-0: Ball 1-0: Ball 2-0: Ball 3-0: Called Strike 3-1: Base on Balls Norm Mercer to second
|
Pinch Runner at 2nd Pete Duncan:
|
|
Batting: RHB Brock Van Gilder
|
Balk! Pete Duncan to third Luis Gomez to second 0-0: Ball 1-0: DOUBLE (Line Drive, 89D, EV 96.9 MPH) Pete Duncan scores Luis Gomez scores
|
Batting: RHB Frank Caulfield
|
0-0: Foul Ball, location: 2F 0-1: Ball 1-1: Foul Ball, location: 2F 1-2: SINGLE (Groundball, 6MD, EV 94.4 MPH) Brock Van Gilder to third
|
Batting: LHB Kurt Estep
|
0-0: Ball Frank Caulfield steals 2nd base 1-0: Ball 2-0: Ground out 4-3 (Groundball, 4, EV 101.3 MPH) Brock Van Gilder scores Frank Caulfield to third
|
Batting: RHB Bill Murray
|
0-0: Ball 1-0: Swinging Strike 1-1: SINGLE (Line Drive, 34D, EV 95.6 MPH) Frank Caulfield scores
|
Pitching: LHP David Gordon
|
|
Batting: RHB Bobby Lasaguna
|
0-0: Called Strike 0-1: Ball 1-1: Called Strike 1-2: Strikes out swinging
|
Top of the 7th over - 4 runs, 3 hits, 0 errors, 1 left on base; London 7 - Winnipeg 2 |
BOTTOM OF THE 7TH |
Winnipeg Goldeyes batting - Pitching for London Majors : RHP Philip Sonnichsen
|
Pitching: RHP Tim Donovan
|
|
Now at 3B: Pete Duncan
|
|
Now at SS: Brock Van Gilder
|
|
Batting: LHB Brian Wagner
|
0-0: Called Strike 0-1: Ball 1-1: Ball 2-1: Foul Ball, location: 2F 2-2: Ball 3-2: Foul Ball, location: 2F 3-2: Base on Balls
|
Batting: RHB Jeremy Witt
|
0-0: Fly out, F6 (Flyball, 6D, EV 91.9 MPH)
|
Batting: RHB Antonio Santos
|
0-0: Ball 1-0: Grounds into double play, 6-4-3 (Groundball, 6, EV 101.9 MPH)
|
Bottom of the 7th over - 0 runs, 0 hits, 0 errors, 0 left on base; London 7 - Winnipeg 2 |
TOP OF THE 8TH |
London Majors batting - Pitching for Winnipeg Goldeyes : LHP David Gordon
|
Batting: LHB Eric Toney
|
0-0: Ball 1-0: Foul Ball, location: 2F 1-1: Swinging Strike 1-2: Ball 2-2: Strikes out swinging
|
Batting: RHB Terry Plumley
|
0-0: Ball 1-0: Ground out 5-3 (Groundball, 15, EV 87.5 MPH)
|
Batting: RHB Pete Duncan
|
0-0: Ball 1-0: Called Strike 1-1: Foul Ball, location: 2F 1-2: Ball 2-2: Strikes out swinging
|
Top of the 8th over - 0 runs, 0 hits, 0 errors, 0 left on base; London 7 - Winnipeg 2 |
BOTTOM OF THE 8TH |
Winnipeg Goldeyes batting - Pitching for London Majors : RHP Tim Donovan
|
Batting: RHB Ton van Dijk
|
0-0: Swinging Strike 0-1: Ball 1-1: Ball 2-1: Fly out, F9 (Flyball, 89D, EV 97.5 MPH)
|
Pinch Hitting: SHB Manny Molina
|
0-0: Ball 1-0: Ball 2-0: Foul Ball, location: 2F 2-1: Swinging Strike 2-2: Fly out, F6 (Popup, 6, EV 63.1 MPH)
|
Batting: RHB David McClellan
|
0-0: Foul Ball, location: 2F 0-1: Ball 1-1: Ground out 1-3 (Groundball, 15S, EV 71.3 MPH)
|
Bottom of the 8th over - 0 runs, 0 hits, 0 errors, 0 left on base; London 7 - Winnipeg 2 |
TOP OF THE 9TH |
London Majors batting - Pitching for Winnipeg Goldeyes : LHP David Gordon
|
Now at 2B: Manny Molina
|
|
Batting: RHB Luis Gomez
|
0-0: Ball 1-0: Ball 2-0: Ball 3-0: Base on Balls
|
Batting: RHB Brock Van Gilder
|
0-0: Ball 1-0: Foul Ball, location: 2F 1-1: Swinging Strike 1-2: Ball 2-2: Ball 3-2: Ground out 6-3 (Groundball, 6, EV 83.1 MPH) Luis Gomez to second
|
Batting: RHB Frank Caulfield
|
0-0: Called Strike 0-1: SINGLE (Line Drive, 7LS, EV 103.8 MPH) Luis Gomez to third
|
Pitching: RHP Chad Brock
|
|
Batting: LHB Kurt Estep
|
0-0: Called Strike Frank Caulfield steals 2nd base (no throw) 0-1: Ball 1-1: Ball 2-1: DOUBLE (Groundball, 3L, EV 106.3 MPH) Luis Gomez scores Frank Caulfield scores
|
Batting: RHB Bill Murray
|
0-0: Called Strike 0-1: Swinging Strike 0-2: Foul Ball, location: 2F 0-2: Strikes out swinging
|
Batting: RHB Bobby Lasaguna
|
0-0: Ball 1-0: Ground out 4-3 (Groundball, 4, EV 79.4 MPH)
|
Top of the 9th over - 2 runs, 2 hits, 0 errors, 1 left on base; London 9 - Winnipeg 2 |
BOTTOM OF THE 9TH |
Winnipeg Goldeyes batting - Pitching for London Majors : RHP Tim Donovan
|
Pinch Hitting: RHB Dave Berry
|
0-0: Ground out 6-3 (Groundball, 6, EV 91.9 MPH)
|
Pinch Hitting: RHB Caleb Bockmann
|
0-0: Ground out 5-3 (Groundball, 56S, EV 75.6 MPH)
|
Batting: LHB Kuemon Shishido
|
0-0: Ball 1-0: Swinging Strike 1-1: Hit by Pitch
|
Batting: LHB Brian Wagner
|
0-0: Ball 1-0: Called Strike 1-1: Ball 2-1: Ground out 4-3 (Groundball, 4, EV 76.3 MPH)
|
Bottom of the 9th over - 0 runs, 0 hits, 0 errors, 1 left on base; London 9 - Winnipeg 2 |
|